 Dungeon Crawl Stone Soup version 0.29-a0-995-g8a7feb118f (webtiles) character file.

Game seed: 6287421439415846769

149 etothzedragonslayer the Caller (level 5, 0/29 HPs)
             Began as a Deep Elf Summoner on Aug 4, 2022.
             Slain by an ufetubus (4 damage)
             ... on level 3 of the Dungeon.
             The game lasted 00:12:17 (4376 turns).

etothzedragonslayer the Caller (Deep Elf Summoner)  Turns: 4376, Time: 00:12:18

Health: 0/29       AC:  2    Str:  5    XL:     5   Next: 9%
Magic:  5/13       EV: 13    Int: 22    God:
Gold:   195        SH:  0    Dex: 15    Spells: 10/13 levels left

rFire   . . .      SeeInvis .   (no weapon)
rCold   . . .      Faith    .   (no shield)
rNeg    . . .      Spirit   .   a - +0 robe
rPois   .          Reflect  .   (no helmet)
rElec   .          Harm     .   (no cloak)
rCorr   .          Rampage  .   (no gloves)
Will    .....                   (no boots)
Stlth   ++........              (no amulet)
HPRegen 0.09/turn               (no ring)
MPRegen 0.13/turn               (no ring)

@: no status effects
A: no striking features
a: no special abilities


You were on level 3 of the Dungeon.
You visited 1 branch of the dungeon, and saw 4 of its levels.

You collected 195 gold pieces.

Inventory:

Armour
 a - a +0 robe (worn)
Jewellery
 c - a ring of fire
 e - a ring of poison resistance
Scrolls
 d - a scroll of poison {unknown}
 f - a scroll of teleportation
 j - a scroll of brand weapon {unknown}
 k - 3 scrolls of identify
Potions
 b - a potion of magic
 g - a potion of attraction
 h - a potion of ambrosia {unknown}
 i - a potion of heal wounds
 l - a potion of flight


   Skills:
 + Level 1.0 Fighting
 + Level 2.9 Dodging
 + Level 2.8 Stealth
 + Level 0.7 Unarmed Combat
 + Level 4.6 Spellcasting
 + Level 5.5 Summonings


You had 10 spell levels left.
You knew the following spells:

 Your Spells              Type           Power      Damage    Failure   Level
a - Summon Small Mammal   Summ           100%       N/A       1%          1
b - Call Imp              Summ           29%        N/A       1%          2

Your spell library contained the following spells:

 Spells                   Type           Power      Damage    Failure   Level
 Call Canine Familiar     Summ           29%        N/A       3%          3
 Summon Guardian Golem    Hex/Summ       17%        N/A       10%         3
 Gell's Gravitas          Tloc           5%         N/A       32%         3
 Teleport Other           Tloc           5%         N/A       32%         3
 Summon Lightning Spire   Summ/Air       17%        N/A       32%         4
 Dispersal                Tloc           2%         N/A       100%        6


Dungeon Overview and Level Annotations

Branches:
Dungeon (4/15)
 Temple: D:4-7

Altars:
Fedhas


Message History

A beastly little devil appears in a puff of flame.
Your crimson imp disappears in a puff of smoke!
A beastly little devil appears in a puff of frigid air.
Your crimson imp disappears in a puff of smoke!
You miss the ufetubus. The ufetubus misses you. The ufetubus hits you.
The ufetubus barely misses you. The ufetubus hits you.
You swap places.
The ufetubus hits your white imp. x2
Your white imp barely misses the ufetubus.
Unknown command.
The ufetubus hits your white imp but does no damage.
The ufetubus hits your white imp.
Your white imp hits the ufetubus.
Your white imp freezes the ufetubus.
The ufetubus resists.
The ufetubus misses your white imp. The ufetubus hits your white imp.
The ufetubus hits your white imp.
Your white imp dies!
Your white imp disappears in a puff of smoke!
A beastly little devil appears in a puff of flame.
The ufetubus hits you. The ufetubus barely misses you.
An ufetubus is nearby!
An ufetubus is nearby!
You swap places.
The ufetubus hits you. x2
Your crimson imp closely misses the ufetubus.
Your crimson imp blinks!
The ufetubus hits you. x2
* * * LOW HITPOINT WARNING * * *
The ufetubus attacks as you move away! The ufetubus hits you.
* * * LOW HITPOINT WARNING * * *
The ufetubus barely misses you. The ufetubus closely misses you. x2
There is a stone staircase leading up here.
The ufetubus closely misses you. The ufetubus hits you.
* * * LOW HITPOINT WARNING * * *
You climb upwards.
There is a stone staircase leading down here.
The ufetubus barely misses you. x2
You are too injured to fight recklessly!
The ufetubus attacks as you move away! The ufetubus misses you.
The ufetubus hits you but does no damage.
The ufetubus hits you.
You die...

#.#.#5## #.#..##..##
##.####.#
##..###.###.#......#
#......# #..##
##....#(####.## ##.####.#
....###5#####.#####.###.##
#.# #.##.#.##
#...........# #.# #..)..##
########.#### #.# #..####
#.# #.# #..#
#############.### #.# #..#
#........@5.>...# #.# ...#
#.............#.# #.# #.##
#..############.# #.# #.#
#..# #.# #.# #.######..#
#.######.# #.........#
#........# #########.#
########## # #.# # #.#


You could see an ufetubus.

Vanquished Creatures
  An adder (D:2)
  A dart slug (D:3)
2 creatures vanquished.

Vanquished Creatures (collateral kills)
  An orc priest (D:3)
  3 adders
  A worm (D:2)
  5 dart slugs (D:3)
  3 orcs (D:3)
  5 endoplasms
  4 giant cockroaches
  8 goblins
  7 hobgoblins
  9 kobolds
  A quokka (D:2)
  5 ball pythons
  3 bats
  2 frilled lizards
  6 rats
63 creatures vanquished.

Vanquished Creatures (others)
  A plant (D:1)
1 creature vanquished.

Grand Total: 66 creatures vanquished

Notes
Turn   | Place    | Note
-------+----------+-------------------------------------------
     0 | D:1      | etothzedragonslayer the Deep Elf Summoner began the quest
                  | for the Orb.
     0 | D:1      | Reached XP level 1. HP: 10/10 MP: 6/6
   203 | D:1      | Reached XP level 2. HP: 15/15 MP: 6/8
   489 | D:1      | Reached skill level 5 in Summonings
   654 | D:1      | Learned a level 2 spell: Call Imp
  1450 | D:2      | Reached XP level 3. HP: 19/19 MP: 10/10
  1649 | D:2      | Identified the +1 dagger of the Sun {vorpal, Str+4 SInv
                  | Stlth-}
  2372 | D:2      | Found a blossoming altar of Fedhas.
  2879 | D:2      | Reached XP level 4. HP: 24/24 MP: 9/12
  4293 | D:3      | Reached skill level 1 in Fighting
  4293 | D:3      | Reached XP level 5. HP: 29/29 MP: 10/13
  4376 | D:3      | Slain by an ufetubus

Illustrated notes

Levels and vault maps discovered:
D:1:      minmay_arrival_cross, layout_basic, serial_bayou_ford_a
D:2:      layout_basic, basic_altar, grunt_ministairs_12
D:3:      layout_loops_ring
D:4:      layout_basic, dreamdust_gnoll_farm

Skill      XL: |  1  2  3  4 |
---------------+-------------+-----
Summonings     | 5 |  5.5
Spellcasting   | 4 |  4.6
Fighting       | 1 |  1.0
Dodging        | |  2.9
Stealth        | |  2.8
Unarmed Combat | |  0.7

Action                   |  1- 3 |  4- 6 || total
-------------------------+-------+-------++-------
Melee: Unarmed           |    77 |    26 ||   103
       Punch             |     2 |       ||     2
 Cast: Summon Small Mamm |    29 |       ||    29
       Call Imp          |    24 |    26 ||    50
  Use: Potion            |     4 |     1 ||     5
       Scroll            |       |     4 ||     4
 Stab: Sleeping          |       |     1 ||     1
Armor: Robe              |    16 |     3 ||    19
Dodge: Dodged            |    78 |    23 ||   101

Table legend: (Time is in decaauts)
 A = Elapsed time spent in this place.
 B = Non-inter-level travel time spent in this place.
 C = Inter-level travel time spent in this place.
 D = Time resting spent in this place.
 E = Time spent auto-exploring this place.
 F = Levels seen in this place.
 G = Mean time per level.
                   A        B        C        D        E       F      G
               +--------+--------+--------+--------+--------+-----+--------+
         Total |   4362 |   4301 |     61 |    535 |   3075 |   4 | 1090.5 |
       Dungeon |   4362 |   4301 |     61 |    535 |   3075 |   4 | 1090.5 |
               +--------+--------+--------+--------+--------+-----+--------+

Top non-repeatable levels by time:
     D:2: 1975 daAuts
     D:1: 1424 daAuts
     D:3: 943 daAuts
     D:4: 19 daAuts
